 Dungeon Crawl Stone Soup version 0.26.1-2-gb8aa6d0cf2 (webtiles) character file.

Game seed: 5265174603295092936

1084 dohliylev the Cleaver (level 8, 0/70 HPs)
             Began as a Minotaur Berserker on Mar 29, 2021.
             Was a Priest of Trog.
             Slain by a centaur (4 damage)
             ... on level 5 of the Dungeon.
             The game lasted 00:09:28 (3690 turns).

dohliylev the Cleaver (Minotaur Berserker)          Turns: 3690, Time: 00:09:29

Health: 0/70       AC: 10    Str: 23    XL:     8   Next: 8%
Magic:  7/7        EV: 12    Int:  4    God:    Trog [***...]
Gold:   390        SH:  0    Dex: 11    Spells: 7/7 levels left

rFire    . . .     SeeInvis .   a - +0 hand axe
rCold    . . .     Faith    .   (no shield)
rNeg     . . .     Spirit   .   k - +0 ring mail {Will+}
rPois    .         Reflect  .   (helmet restricted)
rElec    .         Harm     .   r - +0 cloak
rCorr    +         Rampage  .   m - +0 pair of gloves
Will     +++..                  o - +0 pair of boots (curse)
Stlth    +.........             (no amulet)
HPRegen  1.21/turn              y - ring of resist corrosion
MPRegen  0.10/turn              (no ring)

@: lethally poisoned (0 -> 0), berserk cooldown, regenerating, slowed, very slow
A: retaliatory headbutt, horns 2
a: Renounce Religion, Berserk, Trog's Hand


You were on level 5 of the Dungeon.
You worshipped Trog.
Trog was most pleased with you.
You visited 1 branch of the dungeon, and saw 5 of its levels.

You collected 390 gold pieces.

Inventory:

Hand Weapons
 a - a +0 hand axe (weapon)
Armour
 c - a +0 ring mail of poison resistance
 k - a +0 ring mail of willpower (worn)
 m - a +0 pair of gloves (worn)
 o - a cursed +0 pair of boots (worn)
 r - a +0 cloak (worn)
Jewellery
 y - a ring of resist corrosion (left hand)
Scrolls
 d - 4 scrolls of identify {unknown}
 e - 3 scrolls of fog {unknown}
 f - 4 scrolls of remove curse {unknown}
 h - a scroll of blinking {unknown}
 i - a scroll of immolation {unknown}
 j - 2 scrolls of enchant armour {unknown}
 l - a scroll of teleportation {unknown}
 p - a scroll of magic mapping {unknown}
 t - a scroll of enchant weapon {unknown}
Potions
 b - 2 potions of berserk rage {unknown}
 g - 2 potions of curing {unknown}
 n - a potion of magic {unknown}
 q - a potion of attraction {unknown}
 s - a potion of lignification {unknown}
 u - 3 potions of might {unknown}
 v - a potion of haste {unknown}
 w - a potion of resistance {unknown}
 x - a potion of heal wounds {unknown}


   Skills:
 + Level 6.2 Fighting
 + Level 8.4 Axes
 + Level 6.0 Armour
 + Level 4.0 Dodging


You had 7 spell levels left.
You didn't know any spells.
Your spell library was empty.

Dungeon Overview and Level Annotations

Branches:
Dungeon (5/15)             Temple (0/1) D:5

Altars:
Vehumet


Innate Abilities, Weirdness & Mutations

You reflexively headbutt those who attack you in melee.
You have a pair of horns on your head.


Message History

* * * LOW HITPOINT WARNING * * *
The centaur shoots an arrow.
The arrow hits you.
* * * LOW HITPOINT WARNING * * *
You feel sick.
The centaur unwields a +0 shortbow.
The centaur closely misses you.
You hit the centaur but do no damage.
You feel the effects of Trog's Hand fading.
The centaur hits you but does no damage.
The centaur misses you.
Okay, then.
Your skin crawls.
You feel strong-willed.
You feel sick. The centaur hits you.
* * * LOW HITPOINT WARNING * * *
The centaur hits you.
* * * LOW HITPOINT WARNING * * *
You hit the centaur. You headbutt the centaur!
The centaur is severely wounded.
The centaur hits you.
You die...

# ## .........# .# .?$......#
.# .........# .# .........
./.. .# ........> ....... .##
#.......##......... ..###
.......c.#....(.... ....#
.......@.##........ .##.####
"......(.##........ ..#....#
........(#..........
...###..........$............#
...## #........(...†........#
....### ##.....##(..........#
..<...#####...#####..........#
..##..............##........#
..###.####....###..........###


You could see a centaur.

Vanquished Creatures
  The ghost of Alarak the Insei, an amateur GnTm (D:3)
  Menkaure (D:4)
  A bullfrog (D:4)
  3 scorpions
  A howler monkey (D:4)
  An orc priest (D:4)
  A bullfrog skeleton (D:5)
  A hound (D:5)
  Ijyb (D:3)
  2 iguanas
  4 orc wizards (D:4)
  A worker ant (D:4)
  A hound zombie (D:5)
  A hound skeleton (D:5)
  Robin (D:3)
  4 gnolls (D:5)
  9 adders
  2 shadow imps (D:5)
  A white imp (D:5)
  An ooze (D:3)
  3 worms
  A dart slug (D:1)
  4 leopard geckos
  9 orcs
  8 bats
  6 giant cockroaches
  13 goblins
  9 hobgoblins
  3 jackals (D:2)
  7 kobolds
  2 quokkas (D:3)
  3 frilled lizards
  4 rats
110 creatures vanquished.

Notes
Turn   | Place    | Note
-------+----------+-------------------------------------------
     0 | D:1      | dohliylev the Minotaur Berserker began the quest for the
                  | Orb.
     0 | D:1      | Reached XP level 1. HP: 19/19 MP: 0/0
   256 | D:1      | Reached skill level 4 in Axes
   256 | D:1      | Reached XP level 2. HP: 27/27 MP: 1/1
   829 | D:2      | Reached XP level 3. HP: 33/33 MP: 2/2
   986 | D:2      | Noticed a scorpion
   993 | D:2      | Killed a scorpion
   994 | D:2      | Reached XP level 4. HP: 33/41 MP: 3/3
  1059 | D:2      | Reached ** piety under Trog
  1071 | D:2      | Found a radiant altar of Vehumet.
  1173 | D:2      | Reached skill level 5 in Axes
  1614 | D:3      | Noticed Ijyb
  1620 | D:3      | Killed Ijyb
  1621 | D:3      | Reached XP level 5. HP: 47/47 MP: 4/4
  1845 | D:3      | Found a runed translucent gate.
  1846 | D:3      | Found a runed translucent gate.
  1851 | D:3      | Found a runed translucent gate.
  1884 | D:3      | Noticed Robin
  1892 | D:3      | Killed Robin
  2268 | D:3      | Noticed Alarak's ghost (amateur GnTm)
  2282 | D:3      | Killed Alarak's ghost
  2283 | D:3      | Reached skill level 5 in Fighting
  2283 | D:3      | Reached skill level 6 in Axes
  2283 | D:3      | Reached XP level 6. HP: 56/56 MP: 5/5
  2435 | D:4      | Noticed Menkaure
  2442 | D:4      | Killed Menkaure
  2562 | D:4      | Reached *** piety under Trog
  2563 | D:4      | Reached skill level 7 in Axes
  2563 | D:4      | Reached skill level 5 in Armour
  2563 | D:4      | Reached XP level 7. HP: 56/61 MP: 6/6
  3277 | D:5      | Entered Level 5 of the Dungeon
  3277 | D:5      | Found a staircase to the Ecumenical Temple.
  3377 | D:5      | Reached skill level 8 in Axes
  3411 | D:5      | Reached XP level 8. HP: 52/70 MP: 7/7
  3686 | D:5      | HP: 3/70 [centaur/arrow (6)]
  3690 | D:5      | Slain by a centaur

Illustrated notes

Levels and vault maps discovered:
D:1:      dpeg_arrival_three_same_balls, layout_loops_ring
D:2:      layout_loops_ring, fiery_altar_vehumet
D:3:      layout_loops_cross, ebering_ghost_rock_garden, uniq_ijyb, uniq_robin
D:4:      layout_loops_cross, uniq_menkaure
D:5:      layout_rooms, minmay_temple_entry_glass

Skill      XL: |  1  2  3  4  5  6  7 |
---------------+----------------------+-----
Axes           | 4 5 6 7 8 |  8.4
Fighting       | 4 5 6 |  6.2
Armour         | 3 4 5 6 |  6.0
Dodging        | 3 4 |  4.0

Action                   |  1- 3 |  4- 6 |  7- 9 || total
-------------------------+-------+-------+-------++-------
Melee: Hand axe          |    55 |    98 |    95 ||   248
       Headbutt          |     7 |    21 |    22 ||    50
Invok: Berserk           |       |     4 |     3 ||     7
       Trog's Hand       |       |     1 |     2 ||     3
Armor: Ring mail         |    22 |    50 |    29 ||   101
Dodge: Dodged            |    43 |    54 |    51 ||   148
